AoeStats
← 812

Nomad

506722621Analyzed
4v4 RM · 17d ago on Sep 14, 2026· 30m 45s· 8 players
Game mode
Random Map
Map size
231×231
Population
200
Speed
Normal
Resources
Standard
Victory
Conquest
Starting age
Dark Age
Ending age
Imperial Age
RankedLock teamsTeams togetherTeam positionsShared explorationLock speedFull tech treeHidden civsTurbo modeCheats
Victory
Defeat
🇦🇷 Persians · Argentina
964
+14
🇲🇽 Wei · Mexico
932
+15
🇲🇽 Romans · Mexico
932
+15
🇨🇳 Magyars · China
887
+18
🇬🇧 Byzantines · United Kingdom
931
-16
🇹🇷 Britons · Türkiye
930
-16
🇹🇷 Huns · Türkiye
906
-15
🇹🇷 Franks · Türkiye
900
-15
King Lear
3:17 Loom
13:22 Feudal Age
19:19 Castle Age
18:23 Double-Bit Axe
18:23 Horse Collar
25:46 Stone Mining
26:34 Wheelbarrow
27:52 Hand Cart
27:42 Gold Mining
Börü 𐰋𐰇𐰼𐰇
5:54 Loom
14:49 Feudal Age
18:25 Wheelbarrow
22:34 Fishing Lines
27:03 Castle Age
26:26 Fletching
26:37 Padded Archer Armor
26:49 Forging
26:51 Stone Mining
27:07 Horse Collar
27:18 Double-Bit Axe
28:14 Medium Warships
29:29 Bodkin Arrow
31:03 Hand Cart
31:16 Leather Archer Armor
BetrayedSnail57
10:31 Loom
18:36 Feudal Age
19:09 Fishing Lines
19:23 Gold Mining
20:42 Wheelbarrow
23:44 Castle Age
24:31 Stone Mining
24:28 Double-Bit Axe
25:08 Gillnets
26:32 Bow Saw
27:31 Forging
28:36 Scale Mail Armor
29:11 Iron Casting
28:01 Pikeman
28:27 Gambesons
28:44 Squires
mulgezen
3:48 Loom
16:28 Feudal Age
17:21 Double-Bit Axe
18:25 Wheelbarrow
20:01 Fishing Lines
22:28 Scale Barding Armor
22:34 Forging
31:22 Castle Age
JamesTKirk
5:32 Loom
15:24 Feudal Age
16:27 Double-Bit Axe
21:32 Castle Age
19:44 Horse Collar
19:58 Gold Mining
23:04 Wheelbarrow
22:46 Bow Saw
午夜屠猪男
5:28 Loom
15:22 Feudal Age
22:49 Castle Age
23:17 Pikeman
26:30 Fletching
26:45 Scale Barding Armor
31:23 Corvinian Army
812
4:34 Loom
16:40 Feudal Age
17:10 Gold Mining
17:09 Double-Bit Axe
18:00 Fishing Lines
22:48 Castle Age
21:07 Fletching
21:37 Stone Mining
21:31 Horse Collar
22:09 Forging
22:24 Scale Barding Armor
23:24 Bodkin Arrow
24:05 Medium Warships
24:29 Gillnets
VALAZZU
5:20 Loom
17:09 Feudal Age
17:49 Double-Bit Axe
17:56 Horse Collar
20:39 Wheelbarrow
22:46 Town Watch
22:55 Arson
26:41 Man-at-Arms
29:27 Castle Age
27:42 Gold Mining
27:43 Stone Mining
28:06 Scale Mail Armor
28:47 Forging
28:50 Fletching
29:54 Scale Barding Armor
Connection lost

Rejoining the realm…

Still unreachable

The connection could not be restored.

Session expired

The server has moved on; the page needs a fresh start.